 Dungeon Crawl Stone Soup version 0.20-a0-739-g6bb112f (webtiles) character file.

1157 Gorglomux the Cleaver (level 8, -3/68 HPs)
             Began as a Hill Orc Monk on Feb 25, 2017.
             Was a Follower of Uskayaw.
             Slain by Prince Ribbit (15 damage)
             ... on level 5 of the Dungeon.
             The game lasted 00:12:41 (6564 turns).

Gorglomux the Cleaver (Hill Orc Monk)               Turns: 6564, Time: 00:12:42

Health: -3/68      AC:  7    Str: 16    XL:     8   Next: 39%
Magic:  10/13      EV: 15    Int: 10    God:    Uskayaw [*.....]
Gold:   304        SH:  2    Dex: 18    Spells: 7/7 levels left

rFire    . . .     SeeInvis +   a - +0 hand axe
rCold    . . .     Gourm    .   g - +0 scale mail
rNeg     . . .     Faith    .   (no shield)
rPois    .         Spirit   .   (no helmet)
rElec    .         Reflect  +   (no cloak)
rCorr    .         Harm     .   m - +0 pair of gloves
MR       .....                  (no boots)
Stlth    ++........             u - +2 amulet of reflection
Regen    0.3/turn               (no ring)
MPRegen  0.2/turn               s - ring of see invisible (curse)

@: agile
A: no striking features
a: Stomp, Renounce Religion


You were on level 5 of the Dungeon.
You worshipped Uskayaw.
Uskayaw was noncommittal.
You were not hungry.

You visited 1 branch of the dungeon, and saw 5 of its levels.

You collected 304 gold pieces.

Inventory:

Hand Weapons
 a - a +0 hand axe (weapon)
Armour
 b - a +0 robe
 g - a +0 scale mail (worn)
 m - a +0 pair of gloves (worn)
 H - the +3 pair of boots "Ziobrig" {rC- rN+++ Str+2 Stlth+, unknown}
   (You found it on level 5 of the Dungeon)

   It affects your strength (+2).
   It makes you vulnerable to cold.
   It renders you almost immune to negative energy.
   It makes you more stealthy.
Jewellery
 s - a cursed ring of see invisible (left hand)
 u - a +2 amulet of reflection (around neck)
Scrolls
 d - 4 scrolls of identify {unknown}
 n - a scroll of amnesia {unknown}
 r - a scroll of enchant weapon {unknown}
 t - a scroll of noise {unknown}
 w - 3 scrolls of fear {unknown}
 y - 2 scrolls of remove curse {unknown}
 E - a scroll of enchant armour {unknown}
 G - a scroll of teleportation {unknown}
Potions
 h - a potion of agility
 i - a potion of curing {unknown}
 o - a potion of flight {unknown}
 x - a potion of brilliance {unknown}
 B - a potion of mutation {unknown}
 C - 2 potions of haste {unknown}
 D - 2 potions of heal wounds {unknown}
 F - 2 potions of berserk rage {unknown}
Books
 v - a book of Misfortune

   Spells                             Type                      Level
   a - Confusing Touch                Hexes                        1
   b - Confuse                        Hexes                        3
   c - Gell's Gravitas                Translocation                3
   d - Petrify                        Transmutation/Earth          4
   e - Metabolic Englaciation         Hexes/Ice                    5
   f - Yara's Violent Unravelling     Hexes/Transmutation          5
Comestibles
 c - 3 bread rations
 k - 3 fruits
 q - a meat ration
 z - 2 royal jellies


   Skills:
 + Level 5.0 Fighting
 - Level 10.0 Axes
 - Level 1.6 Armour
 - Level 2.4 Dodging
 - Level 1.5 Stealth
 - Level 7.3 Invocations


You had 7 spell levels left.
You didn't know any spells.

Dungeon Overview and Level Annotations

Branches:
Dungeon (5/15)             Temple (0/1) D:4

Altars:
Dithmenos
Okawaru
Ru
Sif Muna
Uskayaw
Xom

Annotations:
D:5 Prince Ribbit


Message History

Prince Ribbit is moderately wounded.
Prince Ribbit hits you!
* * * LOW HITPOINT WARNING * * *
You miss Prince Ribbit.
Prince Ribbit is moderately wounded.
Prince Ribbit hits you but does no damage.
Unknown command.
Prince Ribbit hits you.
* * * LOW HITPOINT WARNING * * *
You stomp with the beat, sending a shockwave through the revelers around you!
Prince Ribbit is heavily wounded.
You feel somewhat more hungry.
You can no longer stomp with the beat.
Prince Ribbit closely misses you.
You can now stomp with the beat.
Unknown command.
It was a potion of agility.
You feel agile all of a sudden. Prince Ribbit hits you!
You die...

...#####...#.####.......
.# #...#.........###
#...########..... #...#
#.### .########...#
.......##...#
.#$####.......#
.........###..###
#.##.....@F....#
#.#...###...# .. #...#
...... #.. .......
..###. #........##.#.# #
######.. .. #### #


You could see Prince Ribbit.

Vanquished Creatures
  Duvessa (D:4)
  A water moccasin (D:5)
  An ogre (D:5)
  A centaur (D:5)
  A phantom (D:4)
  Dowan (D:4)
  4 crimson imps (D:4)
  A jelly (D:5)
  2 orc wizards (D:5)
  2 hounds
  2 orc priests
  An iguana (D:5)
  2 worker ants
  A howler monkey skeleton (D:4)
  14 adders
  2 adder skeletons (D:4)
  An adder zombie (D:5)
  A leopard gecko (D:4)
  12 orcs
  4 giant cockroaches
  10 goblins
  9 hobgoblins
  10 jackals (D:3)
  2 quokkas
  4 ball pythons
  7 bats
  3 frilled lizards
  A jackal skeleton (D:4)
  6 kobolds
  8 rats
115 creatures vanquished.

Notes
Turn   | Place    | Note
-------+----------+-------------------------------------------
     0 | D:1      | Gorglomux the Hill Orc Monk began the quest for the Orb.
     0 | D:1      | Reached XP level 1. HP: 19/19 MP: 1/1
   405 | D:1      | Reached XP level 2. HP: 19/26 MP: 2/2
   756 | D:1      | Reached skill level 5 in Axes
  1266 | D:2      | Reached XP level 3. HP: 31/31 MP: 3/3
  1279 | D:2      | Found a shimmering altar of Xom.
  1569 | D:2      | Reached skill level 6 in Axes
  1638 | D:2      | Reached XP level 4. HP: 27/40 MP: 4/4
  1893 | D:2      | Found a sacrificial altar of Ru.
  2270 | D:3      | Reached XP level 5. HP: 42/48 MP: 5/5
  2813 | D:3      | Reached skill level 1 in Armour
  2969 | D:3      | Found an iron altar of Okawaru.
  3544 | D:4      | Found a hide-covered altar of Uskayaw.
  3585 | D:4      | Became a worshipper of Uskayaw the Reveler
  3585 | D:4      | Reached * piety under Uskayaw
  3670 | D:4      | Found a deep blue altar of Sif Muna.
  3670 | D:4      | Found a shadowy altar of Dithmenos.
  3811 | D:4      | Reached ** piety under Uskayaw
  3815 | D:4      | Reached skill level 1 in Invocations
  4046 | D:4      | Reached skill level 7 in Axes
  4046 | D:4      | Reached XP level 6. HP: 51/56 MP: 7/7
  4067 | D:4      | Noticed a phantom
  4090 | D:4      | Noticed Dowan
  4092 | D:4      | Noticed Duvessa
  4288 | D:4      | Found a shimmering altar of Xom.
  4299 | D:4      | Reached *** piety under Uskayaw
  4301 | D:4      | Reached **** piety under Uskayaw
  4323 | D:4      | Reached skill level 3 in Invocations
  4504 | D:4      | Killed Duvessa
  4504 | D:4      | Reached skill level 8 in Axes
  4504 | D:4      | Reached XP level 7. HP: 36/61 MP: 8/10
  4507 | D:4      | Killed Dowan
  5220 | D:4      | Found a staircase to the Ecumenical Temple.
  5317 | D:5      | Entered Level 5 of the Dungeon
  5469 | D:5      | Reached skill level 9 in Axes
  5668 | D:5      | Reached skill level 6 in Invocations
  5668 | D:5      | Reached XP level 8. HP: 44/68 MP: 12/12
  6006 | D:5      | Noticed Prince Ribbit
  6153 | D:5      | Reached skill level 10 in Axes
  6551 | D:5      | Got a pair of fine boots
  6564 | D:5      | Slain by Prince Ribbit

Vault maps used:
D:1:      dpeg_arrival_boxes_within_box
D:2:      nicolae_ru_the_path_less_chosen, xom_butterflies
D:3:      serial_park_tiny_pond, minivault_4, grunt_decor_arrowhead,
          grunt_decor_clamped, kennysheep_okawaru_gauntlet
D:4:      gammafunk_temple_overflow_statue, eat_drink_and_be_merry_uskayaw,
          minmay_temple_entry_enclosed_plants, first_bread, led_xom_imps,
          uniq_duvessa
D:5:      chei_slow_surprise, uniq_prince_ribbit1

Skill      XL: |  1  2  3  4  5  6  7  8 |
---------------+-------------------------+-----
Axes           | 5 6 7 8 9 10 | 10.0
Fighting       | 4 5 |  5.0
Armour         | 1 |  1.6
Invocations    | 1 4 6 7 |  7.3
Dodging        | |  2.4
Stealth        | |  1.5

Action                   |  1- 3 |  4- 6 |  7- 9 || total
-------------------------+-------+-------+-------++-------
Melee: Hand axe          |   142 |   266 |   200 ||   608
Invok: Line Pass         |       |     1 |     2 ||     3
       Stomp             |       |       |     8 ||     8
  Use: Potion            |       |       |     1 ||     1
 Stab: Sleeping          |     1 |       |       ||     1
       Confused          |       |     1 |       ||     1
       Paralysed         |       |     7 |     1 ||     8
  Eat: Chunk             |     2 |     8 |     7 ||    17
       Fruit             |       |     2 |     2 ||     4
Armor: Scale mail        |    64 |    97 |    75 ||   236
       Skin              |       |       |     5 ||     5
Dodge: Dodged            |    73 |   154 |    74 ||   301
Block: Other             |     3 |    15 |     6 ||    24
